 Dungeon Crawl Stone Soup version 0.30-a0-1113-ga8025317a9 (console) character file.

Game seed: 10495133865430294263

1369 Ignak the Ogre Mage (level 8, -2/79 HPs)
             Began as an Ogre Hedge Wizard on Apr 20, 2023.
             Was a Priest of Okawaru.
             Splashed by a jelly's acid (9 damage)
             ... on level 6 of the Dungeon.
             The game lasted 00:25:34 (7362 turns).

Ignak the Ogre Mage (Ogre Hedge Wizard)             Turns: 7362, Time: 00:25:37

Health: -2/79      AC:  6    Str: 15    XL:     8   Next: 65%
Magic:  10/16      EV: 10    Int: 17    God:    Okawaru [***...]
Gold:   239        SH:  0    Dex:  8    Spells: 4/17 levels left

rFire   . . .      SeeInvis .    v - +1 mace (protect)
rCold   . . .      Faith    +    I - orb {guile}
rNeg    . . .      Spirit   .    b - +0 robe
rPois   .          Reflect  .    c - +0 hat
rElec   .          Rampage  .    (no cloak)
rCorr   .                        (gloves unavailable)
Will    .....                    (boots unavailable)
Stlth   +                        k - amulet of faith
HPRegen 0.33/turn                (no ring)
MPRegen 0.15/turn                (no ring)

@: corroded, under a protective aura
A: large, unfitting armour, tough skin 1
a: Renounce Religion, Heroism


You were on level 6 of the Dungeon.
You worshipped Okawaru.
Okawaru was most pleased with you.
You visited 1 branch of the dungeon, and saw 6 of its levels.
You also visited: Sewer and Ossuary.

You collected 423 gold pieces.
You spent 184 gold pieces at shops.

Inventory:

Hand Weapons
 v - a +1 mace of protection (weapon)
 G - a +3 whip
 K - a +0 war axe
Missiles
 e - 2 javelins (quivered)
 h - 34 poisoned darts
 t - 3 large rocks
Armour
 b - a +0 robe (worn)
 c - a +0 hat (worn)
 I - an orb of guile (worn)
Jewellery
 k - an amulet of faith (around neck)
 C - a ring of ice
Wands
 y - a wand of flame (2)
 J - a wand of polymorph (12)
 L - a wand of paralysis (2)
Scrolls
 i - 2 scrolls of enchant weapon
 j - a scroll of noise {unknown}
 l - a scroll of fear
 m - a scroll of teleportation
 n - a scroll of vulnerability {unknown}
 s - 3 scrolls of immolation {unknown}
 u - 2 scrolls of enchant armour {unknown}
 w - a scroll of butterflies {unknown}
 z - a scroll of poison
 A - 2 scrolls of fog {unknown}
 D - a scroll of magic mapping
Potions
 a - 2 potions of flight {unknown}
 d - a potion of magic
 f - 8 potions of heal wounds
 o - 2 potions of haste
 p - a potion of brilliance {unknown}
 q - 3 potions of mutation {unknown}
 r - a potion of curing
 x - 2 potions of might {unknown}
 B - a potion of ambrosia {unknown}
 H - a potion of lignification {unknown}


   Skills:
 + Level 4.6 Fighting
 + Level 1.9 Maces & Flails
 - Level 2.3 Polearms
 + Level 3.7 Dodging
 - Level 1.4 Stealth
 + Level 5.4 Spellcasting
 * Level 3.6 Conjurations
 - Level 0.8 Summonings
 - Level 3.0 Translocations
 * Level 2.6 Air Magic
 - Level 2.0 Poison Magic
 + Level 2.4 Invocations


You had 4 spell levels left.
You knew the following spells:

 Your Spells              Type           Power      Damage    Failure   Level
a - Magic Dart            Conj           68%        1d6       3%          1
b - Blink                 Tloc           28%        N/A       6%          2
d - Mephitic Cloud        Conj/Pois/Air  14%        N/A       13%         3
e - Call Imp              Summ           14%        N/A       14%         2
f - Arcjolt               Conj/Air       7%         1d17      71%         5

Your spell library contained the following spells:

 Spells                   Type           Power      Damage    Failure   Level
 Cigotuvi's Dreadful Rot  Necr/Pois/Air  18%        N/A       11%         2
 Vhi's Electric Charge    Tloc/Air       28%        N/A       13%         3
 Necrotise                Necr           16%        1d4       14%         1
 Slow                     Hex            16%        N/A       14%         1
 Vampiric Draining        Necr           4%         2d6       38%         3
 Agony                    Necr           4%         N/A       98%         5
 Maxwell's Capacitive Co  Air            6%         ∞         100%        8


Dungeon Overview and Level Annotations

Branches:
Dungeon (6/15)             Temple (0/1) D:4           Sewer (visited)
Ossuary (visited)

Altars:
Elyvilon
Hepliaklqana
Kikubaaqudgha
Okawaru
Trog
Uskayaw
Vehumet
The Shining One

Shops:
D:1 (

Annotations:
D:5 2 transporters, 3 runed translucent doors, FlurksSlurper's ghost, amateur DsBr


Innate Abilities, Weirdness & Mutations

You are too large for most types of armour.
You have tough skin. (AC +1)


Message History

Here: a killer bee (heavily wounded, confused)
The floor.
Aiming: Paralyse
Press: ? - help, Shift-Dir - straight line, f - jelly, p - killer bee
Aim: a jelly (chance to affect: 66%)
The jelly suddenly stops moving!
You feel stable enough to blink again.
You feel sick.
Aiming: Paralyse
Press: ? - help, Shift-Dir - straight line, f - killer bee, p - jelly
Aim: a killer bee (heavily wounded, confused, chance to affect: 66%)
The killer bee resists with significant effort.
You feel sick. The killer bee barely misses you.
Aiming: Paralyse
Press: ? - help, Shift-Dir - straight line, f/p - killer bee
Aim: a killer bee (heavily wounded, confused, chance to affect: 66%)
The killer bee suddenly stops moving!
You feel sick.
You are no longer poisoned.
The helpless killer bee fails to defend itself.
You hit the killer bee.
Your weapon exudes an aura of protection.
The killer bee is severely wounded.
The helpless killer bee fails to defend itself.
You hit the killer bee.
The killer bee is almost dead.
The helpless killer bee fails to defend itself.
You sock the killer bee!
You kill the killer bee!
Okawaru accepts your kill.
Training target 2.0 for Poison Magic reached!
Your Poison Magic skill increases to level 2!
Found 13 gold pieces.
The jelly is no longer paralysed.
You see here a killer bee corpse.
You thump the jelly! The acid corrodes you!
Your hands burn!
* * * LOW HITPOINT WARNING * * *
The jelly is heavily wounded.
The jelly hits you.
* * * LOW HITPOINT WARNING * * *
You are splashed with acid!
You die...

....(.##.#~~ .$.. #
#.#.(....#~~ ####
#.#.(......#~~ ....
####..........#.~ ...
.........†....### #..
.........#
#..###..##.##.#######
#......###.##.#.....(
#..J@....#.##.#.#####
#.>..................
#.##.###.#.##.#.###..
.. #.# #.#.##.#.# #..
#. #.. ...##.#.# #..
# ### .####$#.# #..
#.# ..#.# #.. #.#
##... #.. .# ... ##.


You could see a jelly.

Vanquished Creatures
  Duvessa (D:6)
  Pargi (Sewer)
  An ice beast (D:5)
  A phantom (D:4)
  A kobold brigand (D:5)
  An elf zombie (Ossuary)
  A gnoll sergeant (D:5)
  2 scorpions (D:4)
  Dowan (D:6)
  3 killer bees (D:6)
  A centaur zombie (Ossuary)
  2 human zombies (Ossuary)
  A hound (D:5)
  An iguana (D:4)
  4 hound zombies (Ossuary)
  3 mummies (Ossuary)
  3 gnolls (D:4)
  5 adders
  A river rat (D:5)
  A white imp (D:4)
  3 adder zombies (Ossuary)
  2 worms
  2 dart slugs
  7 orcs
  8 bats
  14 endoplasms
  6 giant cockroaches
  A gnoll zombie (Ossuary)
  8 goblins
  5 hobgoblins
  5 quokkas
  3 ball pythons
  3 frilled lizards (D:1)
  6 goblin zombies (Ossuary)
  2 hobgoblin zombies (Ossuary)
  3 jackal zombies (Ossuary)
  26 kobolds
  3 kobold zombies (Ossuary)
  An orc zombie (Ossuary)
  4 quokka zombies (Ossuary)
  3 rats
  3 rat zombies (Ossuary)
153 creatures vanquished.

Vanquished Creatures (collateral kills)
  An adder (D:3)
  A worm (D:2)
  A dart slug (D:1)
  A ball python (D:3)
  An endoplasm (D:2)
  2 hobgoblins
  A quokka (D:1)
8 creatures vanquished.

Vanquished Creatures (others)
  25 plants (D:5)
  A withered plant (D:3)
26 creatures vanquished.

Grand Total: 187 creatures vanquished

Notes
Turn   | Place    | Note
-------+----------+-------------------------------------------
     0 | D:1      | Ignak the Ogre Hedge Wizard began the quest for the Orb.
     0 | D:1      | Reached XP level 1. HP: 16/16 MP: 5/5
     3 | D:1      | Found Ryshriumywi's Antique Weapon Shop.
    68 | D:1      | Reached skill level 1 in Translocations
    72 | D:1      | Reached skill level 1 in Conjurations
   202 | D:1      | Reached XP level 2. HP: 26/26 MP: 6/6
   392 | D:1      | Reached skill level 1 in Fighting
   441 | D:1      | Learned a level 2 spell: Blink
   444 | D:1      | Learned a level 2 spell: Call Imp
   638 | D:1      | Reached XP level 3. HP: 30/33 MP: 8/8
   945 | D:1      | Reached skill level 1 in Polearms
  1368 | D:2      | Reached skill level 4 in Spellcasting
  1892 | D:3      | Found an iron altar of Okawaru.
  1946 | D:3      | Found an ancient bone altar of Kikubaaqudgha.
  1975 | D:3      | Reached XP level 4. HP: 41/41 MP: 10/10
  2293 | D:2      | Learned a level 3 spell: Mephitic Cloud
  2486 | D:3      | Became a worshipper of Warmaster Okawaru
  2560 | D:3      | Found a radiant altar of Vehumet.
  2631 | D:3      | Noticed a +0 falchion
  2631 | D:3      | Noticed a +0 dagger
  2631 | D:3      | Noticed a +0 spear
  2632 | D:3      | Noticed a +0 short sword
  2632 | D:3      | Noticed a +0 dagger
  2632 | D:3      | Noticed a +0 short sword
  2632 | D:3      | Noticed a +0 spear
  2633 | D:3      | Noticed a +0 falchion
  2638 | D:3      | Found a hide-covered altar of Uskayaw.
  2936 | D:4      | Found a sand-covered staircase.
  2941 | Ossuary  | Entered an ossuary
  3019 | Ossuary  | Reached XP level 5. HP: 43/49 MP: 11/11
  3264 | Ossuary  | Reached XP level 6. HP: 24/59 MP: 12/12
  3602 | Ossuary  | Reached * piety under Okawaru
  3961 | D:1      | Bought a warped spear for 184 gold pieces
  3961 | D:1      | Identified the +3 spear of the World {heavy, *Slow Str+2
                  | Dex+2} (You bought it in a shop on level 1 of the Dungeon)
  4049 | D:4      | Found a glowing golden altar of the Shining One.
  4049 | D:4      | Found a hazy altar of Hepliaklqana.
  4370 | D:4      | Found a staircase to the Ecumenical Temple.
  4553 | D:4      | Reached XP level 7. HP: 25/67 MP: 9/14
  4719 | D:5      | Entered Level 5 of the Dungeon
  4752 | D:5      | Reached skill level 1 in Invocations
  4786 | D:4      | Reached skill level 5 in Spellcasting
  4786 | D:4      | Reached skill level 1 in Air Magic
  4786 | D:4      | Reached skill level 1 in Poison Magic
  4878 | D:4      | Learned a level 5 spell: Arcjolt
  5586 | D:4      | Reached skill level 1 in Maces & Flails
  5683 | D:5      | Reached ** piety under Okawaru
  5773 | D:5      | Found a transporter.
  5773 | D:5      | Noticed a wyvern
  5775 | D:5      | Noticed a yak
  5782 | D:5      | Found a transporter.
  5791 | D:5      | Found a white marble altar of Elyvilon.
  5832 | D:5      | Found a bloodstained altar of Trog.
  5915 | D:5      | Reached XP level 8. HP: 39/78 MP: 15/15
  6321 | D:5      | Found a runed translucent gate.
  6326 | D:5      | Found a runed translucent gate.
  6326 | D:5      | Found a runed translucent gate.
  6351 | D:5      | Noticed FlurksSlurper's ghost (amateur DsBr)
  6530 | D:6      | Found a glowing drain.
  6768 | Sewer    | Entered a sewer
  6812 | Sewer    | Noticed Pargi
  6848 | Sewer    | Killed Pargi
  7084 | D:6      | Noticed Duvessa
  7084 | D:6      | Noticed Dowan
  7114 | D:6      | Killed Dowan
  7118 | D:6      | Killed Duvessa
  7338 | D:6      | Reached *** piety under Okawaru
  7362 | D:6      | Splashed by a jelly's acid

Illustrated notes

Levels and vault maps discovered:
D:1:      dpeg_arrival_shrine, layout_loops_ring, serial_shops, shop,
          minmay_tiny_reverse_x
D:2:      layout_basic
D:3:      layout_rooms, vehumet_altar_wand_db, okawaru_trees_1,
          kiku_gazebo_garden_becter, nicolae_uskayaw_en_pointe
D:4:      layout_loops_cross, mainiacjoe_overflow_large_starburst,
          minmay_temple_entry_antechambers, enter_ossuary_5
D:5:      kennysheep_kobold_camp, layout_rooms, bloody_trog,
          gammafunk_temple_overflow_arena, gammafunk_ghost_necromancy
D:6:      dreamdust_elfheim, layout_basic, grunt_qazlal_sundering,
          amcnicky_altar_gilded, portal_sewer_entry_b, uniq_duvessa

Skill      XL: |  1  2  3  4  5  6  7  8 |
---------------+-------------------------+-----
Translocations | 1 2 3 |  3.0
Conjurations   | 1 2 3 |  3.6
Dodging        | 2 3 |  3.7
Fighting       | 1 2 3 4 |  4.6
Polearms       | 1 2 |  2.3
Spellcasting   | 4 5 |  5.4
Invocations    | 1 2 |  2.4
Air Magic      | 1 2 |  2.6
Poison Magic   | 1 2 |  2.0
Maces & Flails | 1 |  1.9
Stealth        | |  1.4
Summonings     | |  0.8

Action                     |  1- 3 |  4- 6 |  7- 9 || total
---------------------------+-------+-------+-------++-------
  Melee: Spear             |   127 |    18 |       ||   145
         Dagger            |     7 |       |       ||     7
         Whip              |     1 |       |       ||     1
         Mace              |       |   308 |   305 ||   613
         Punch             |       |     4 |     5 ||     9
  Throw: Javelin           |    12 |     9 |     4 ||    25
         Large rock        |       |     9 |       ||     9
   Cast: Magic Dart        |     6 |     1 |       ||     7
         Call Imp          |     8 |     3 |       ||    11
         Blink             |       |     5 |     6 ||    11
         Mephitic Cloud    |       |     1 |     7 ||     8
 Invoke: Heroism           |       |       |     2 ||     2
  Evoke: Wand              |       |     3 |     9 ||    12
    Use: Scroll            |       |     5 |     2 ||     7
         Potion            |       |     3 |     1 ||     4
   Stab: Sleeping          |     5 |       |     1 ||     6
         Distracted        |       |     1 |       ||     1
         Confused          |       |       |     8 ||     8
         Paralysed         |       |       |     3 ||     3
 Armour: Robe              |    39 |   204 |   151 ||   394
  Dodge: Dodged            |    62 |   206 |   191 ||   459

Table legend: (Time is in decaauts)
 A = Elapsed time spent in this place.
 B = Non-inter-level travel time spent in this place.
 C = Inter-level travel time spent in this place.
 D = Time resting spent in this place.
 E = Time spent auto-exploring this place.
 F = Levels seen in this place.
 G = Mean time per level.
                   A        B        C        D        E       F      G
               +--------+--------+--------+--------+--------+-----+--------+
         Total |   7628 |   7429 |    199 |   1937 |   2409 |   8 |  953.5 |
       Dungeon |   6549 |   6350 |    199 |   1590 |   2389 |   6 | 1091.5 |
         Sewer |    141 |    141 |      0 |      0 |      0 |   1 |  141.0 |
       Ossuary |    938 |    938 |      0 |    347 |     20 |   1 |  938.0 |
               +--------+--------+--------+--------+--------+-----+--------+

Top non-repeatable levels by time:
     D:4: 1827 daAuts
     D:5: 1227 daAuts
     D:2: 1164 daAuts
     D:1: 1103 daAuts
 Ossuary: 938 daAuts
     D:3: 719 daAuts
     D:6: 506 daAuts
   Sewer: 141 daAuts
